AoeStats
← bert1028

Arena

508648129Analyzed
2v2 RM · 10d ago on Sep 23, 2026· 50m 12s· 4 players
Game mode
Random Map
Map size
Medium (4 player)
Population
200
Speed
Normal
Resources
Standard
Victory
Conquest
Starting age
Dark Age
Ending age
Imperial Age
RankedLock teamsTeams togetherTeam positionsShared explorationLock speedFull tech treeHidden civsTurbo modeCheats
Victory
Defeat
🇹🇼 Britons · Taiwan
1087
+18
🇹🇼 Danes · Taiwan
1085
+18
🇧🇷 Koreans · Brazil
1280
-24
🇧🇷 Persians · Brazil
977
-12
bert1028
10:32 Feudal Age
12:41 Double-Bit Axe
12:37 Horse Collar
15:34 Castle Age
15:52 Arson
17:11 Scale Mail Armor
17:14 Squires
18:40 Loom
22:10 Chain Mail Armor
24:01 Forging
24:28 Heavy Plow
26:54 Iron Casting
26:41 Bow Saw
32:35 Imperial Age
31:44 Hamask
33:55 Wheelbarrow
33:42 Conscription
34:06 Elite Jomsviking
36:08 Plate Mail Armor
38:40 Blast Furnace
39:04 Gold Mining
39:06 Stone Mining
42:26 Chemistry
43:58 Ballistics
49:03 Scale Barding Armor
50:38 Siege Engineers
Doge
11:15 Feudal Age
10:55 Loom
15:29 Castle Age
15:47 Double-Bit Axe
16:16 Horse Collar
16:35 Fletching
23:38 Gold Mining
24:26 Wheelbarrow
24:10 Town Watch
29:42 Imperial Age
27:36 Bow Saw
28:44 Bodkin Arrow
29:12 Padded Archer Armor
29:48 Ballistics
29:45 Scale Barding Armor
32:01 Bracer
33:08 Chemistry
33:05 Conscription
35:11 Masonry
35:10 Siege Engineers
38:11 Leather Archer Armor
38:26 Warwolf
38:15 Elite Skirmisher
40:02 Elite Longbowman
42:03 Ring Archer Armor
47:44 Yeomen
SirT_Maji
6:52 Loom
9:06 Feudal Age
10:05 Double-Bit Axe
14:14 Fletching
20:06 Castle Age
18:56 Gold Mining
18:48 Horse Collar
19:57 Stone Mining
21:20 Bow Saw
22:02 Bodkin Arrow
23:48 Wheelbarrow
31:24 Imperial Age
31:30 Ballistics
33:20 Chemistry
32:22 Bracer
32:53 Conscription
33:03 Elite War Wagon
34:24 Conscription
37:24 Forging
39:04 Scale Mail Armor
38:57 Arrowslits
39:23 Fortified Wall
39:09 Murder Holes
43:13 Chain Mail Armor
44:04 Shinkichon
45:21 Plate Mail Armor
45:21 Eupseong
45:37 Elite Skirmisher
46:55 Iron Casting
Nando_James
0:31 Loom
11:40 Feudal Age
13:01 Double-Bit Axe
17:07 Castle Age
18:07 Pikeman
19:41 Bow Saw
Connection lost

Rejoining the realm…

Still unreachable

The connection could not be restored.

Session expired

The server has moved on; the page needs a fresh start.